 Dungeon Crawl Stone Soup version 0.20.1-1-g8b1a95d (webtiles) character file.

38 Jannitor the Ducker (level 3, -1/17 HPs)
             Began as a Felid Chaos Knight on Sept 23, 2017.
             Killed from afar by a dart slug (4 damage)
             ... with a slug dart
             ... on level 2 of the Dungeon.
             The game lasted 00:01:23 (784 turns).

Jannitor the Ducker (Felid Chaos Knight)             Turns: 784, Time: 00:01:24

Health: -1/17      AC:  1    Str:  8    XL:     3   Next: 25%
Magic:  5/5        EV: 19    Int: 14    God:    Xom [..*...]
Gold:   85         SH:  0    Dex: 15    Spells: 4/4 levels left
                                        Lives:  0   Deaths: 0

rFire    . . .     SeeInvis +     - Unarmed
rCold    . . .     Gourm    .   (shield unavailable)
rNeg     . . .     Faith    .   (armour unavailable)
rPois    .         Spirit   .   (helmet unavailable)
rElec    .         Reflect  .   (cloak unavailable)
rCorr    .         Harm     .   (gloves unavailable)
MR       .....                  (boots unavailable)
Stlth    ++........             (no amulet)
Regen    0.1/turn               (no ring)
MPRegen  0.1/turn               (no ring)

@: quick
A: no armour, no weapons or thrown items, stealth, claws 1, fangs 3, see
invisible, carnivore 3, speed 1, shaggy fur 1, slow metabolism 1, sharp paws
a: Renounce Religion


You were on level 2 of the Dungeon.
You worshipped Xom.
You were a toy of Xom.
You were completely stuffed.

You visited 1 branch of the dungeon, and saw 2 of its levels.

You collected 85 gold pieces.

Inventory:

Jewellery
 i - an uncursed ring of poison resistance {unknown}
Scrolls
 c - a scroll of random uselessness {unknown}
 d - 2 scrolls of fog {unknown}
 g - 2 scrolls of enchant weapon {unknown}
Potions
 b - a potion of curing {unknown}
 e - 2 potions of heal wounds {unknown}
 h - a potion of might {unknown}
 j - a potion of magic {unknown}
 k - a potion of haste {unknown}
Comestibles
 a - a meat ration


   Skills:
 + Level 3.1 Fighting
 + Level 3.7 Dodging
 + Level 2.2 Stealth
 + Level 3.3 Unarmed Combat
 + Level 1.0 Spellcasting


You had 4 spell levels left.
You didn't know any spells.

Dungeon Overview and Level Annotations

Branches:
Dungeon (2/15)

Altars:


Innate Abilities, Weirdness & Mutations

You cannot wear armour.
You are incapable of wielding weapons or throwing items.
Your paws allow you to move quietly. (Stealth)
You have sharp claws.
You have razor-sharp teeth.
You have supernaturally acute eyesight. (SInv)
You are carnivorous and can eat meat at any time.
You cover ground quickly.
You are covered in fur. (AC +1)
You have a slow metabolism.
Your sharp claws are effective at attacking unaware monsters.


Message History

The dart slug is lightly wounded.
You scratch the dart slug but do no damage.
The dart slug is lightly wounded.
The dart slug bites you.
* * * LOW HITPOINT WARNING * * *
You scratch the dart slug but do no damage.
The dart slug is lightly wounded.
The dart slug bites you.
* * * LOW HITPOINT WARNING * * *
You barely miss the dart slug.
The dart slug is lightly wounded.
You scratch the dart slug.
The dart slug is lightly wounded.
The dart slug completely misses you.
You scratch the dart slug.
The dart slug is moderately wounded.
The dart slug launches a dart at you. The slug dart hits you!
You die... "It was about time."

#######.# ..#
#.# #.# #.#
#.# #.# # #.#
#.# #< #.#
#.# .[ #.#
#.#
#.#.###†###.#
#...w@†.....#
#.###########


You could see a dart slug.

Vanquished Creatures
  An ooze (D:1)
  2 dart slugs (D:1)
  A leopard gecko (D:1)
  2 giant cockroaches (D:1)
  3 goblins (D:1)
  3 hobgoblins (D:1)
  3 jackals (D:2)
  A ball python (D:1)
  3 bats (D:1)
  2 frilled lizards
  A kobold (D:1)
  7 rats (D:1)
29 creatures vanquished.

Notes
Turn   | Place    | Note
-------+----------+-------------------------------------------
     0 | D:1      | Jannitor the Felid Chaos Knight began the quest for the Orb.
     0 | D:1      | Reached XP level 1. HP: 10/10 MP: 2/2
    70 | D:1      | XOM: harmless Tmut miscast
    74 | D:1      | XOM: harmless Conj miscast
    76 | D:1      | Reached skill level 1 in Stealth
    76 | D:1      | Reached XP level 2. HP: 8/14 MP: 3/3
   353 | D:1      | XOM: silly message
   400 | D:1      | Reached XP level 3. HP: 17/17 MP: 5/5
   756 | D:2      | Reached skill level 1 in Spellcasting
   784 | D:2      | Killed from afar by a dart slug

Skill      XL: |  1  2  3 |
---------------+----------+-----
Stealth        | 1 2 |  2.2
Spellcasting   | 1 |  1.0
Fighting       | |  3.1
Dodging        | |  3.7
Unarmed Combat | |  3.3

Action                   || total
-------------------------++-------
Melee: Unarmed           ||    76
       Bite              ||     4
 Stab: Sleeping          ||     9
  Eat: Chunk             ||     7
Dodge: Dodged            ||    45
